 Dungeon Crawl Stone Soup version 0.31-a0-1074-g0b22e4e0f1 (webtiles) character file.

Game seed: 5997714523557821608

11761 IdlyInterested the Mimic (level 11, -4/81 HPs)
             Began as a Demonspawn Shapeshifter on Dec 8, 2023.
             Slain by a red ugly thing (15 damage)
             ... on level 11 of the Dungeon.
             The game lasted 00:31:47 (11328 turns).

IdlyInterested the Mimic (Demonspawn Shapeshifter) Turns: 11328, Time: 00:31:47

Health: -4/81      AC: 12    Str: 17    XL:     11   Next: 53%
Magic:  11/11      EV: 12    Int: 18    God:
Gold:   714        SH:  0    Dex: 13    Spells: 10/10 levels left

rFire   . . .        h - melded +4 quarterstaff
rCold   + . .        (shield currently unavailable)
rNeg    . . .        s - +4 ring mail of Fortitude {Int+7 Dex-2}
rPois   .            (helmet restricted)
rElec   .            (no cloak)
rCorr   +            (no gloves)
SInv    +            O - +0 pair of boots
Will    .....        (no amulet)
Stlth   +            m - ring of resist corrosion
HPRegen 0.33/turn    N - ring of see invisible
MPRegen 0.12/turn

%: no passive effects
@: flux-form, glowing
A: glow, contaminating, horns 2, slimy green scales 1, demonic guardian 2,
powered by pain 1, cold resistance 1, MP-powered wands
a: Begin Untransformation


You were on level 11 of the Dungeon.
You were something dangerously unstable.
You visited 2 branches of the dungeon, and saw 12 of its levels.
You also visited: Ossuary.

You collected 774 gold pieces.
You spent 60 gold pieces at shops.

Inventory:

Hand Weapons
 h - a +4 quarterstaff (melded)
Missiles
 a - 6 throwing nets
 i - 105 stones (quivered)
 n - 12 boomerangs
 A - 2 poisoned darts
 R - 2 curare-tipped darts
Armour
 e - a +3 plate armour
 q - an orb of energy
 s - the +4 ring mail of Fortitude (worn) {Int+7 Dex-2}
   (You found it on level 3 of the Dungeon)

   Int+7:     It affects your intelligence (+7).
   Dex-2:     It affects your dexterity (-2).
 M - a +0 leather armour of poison resistance
 O - a +0 pair of boots (worn)
Jewellery
 m - a ring of resist corrosion (left hand)
 L - an amulet of faith
 N - a ring of see invisible (right hand)
Talismans
 c - a beast talisman
 d - a flux talisman (active)
 f - a serpent talisman
Wands
 j - a wand of charming (4)
 u - a wand of flame (22)
 v - a wand of roots (22)
 E - a wand of polymorph (13)
 V - a wand of acid (4)
Scrolls
 k - a scroll of immolation
 l - a scroll of identify
 p - a scroll of poison
 z - 2 scrolls of brand weapon
 C - a scroll of fog
 D - 2 scrolls of fear
 F - 2 scrolls of teleportation
 G - a scroll of enchant weapon
 H - a scroll of butterflies
 I - a scroll of amnesia
 P - a scroll of vulnerability
 S - a scroll of revelation
Potions
 b - a potion of lignification
 g - 6 potions of heal wounds
 r - a potion of ambrosia
 t - 3 potions of attraction
 x - 2 potions of brilliance
 B - 3 potions of curing
 U - a potion of mutation


   Skills:
 - Level 6.0 Fighting
 - Level 1.0 Throwing
 - Level 1.0 Armour
 + Level 4.7 Dodging
 - Level 2.0 Stealth
 - Level 6.0 Unarmed Combat
 - Level 1.0 Evocations
 * Level 13.2 Shapeshifting


You had 10 spell levels left.
You didn't know any spells.
Your spell library contained the following spells:

 Spells                   Type           Power      Damage    Failure   Level
 Foxfire                  Conj/Fire      0%         2x1d4     38%         1
 Freeze                   Ice            0%         1d3       38%         1
 Kiss of Death            Conj/Necr      0%         2d5       38%         1
 Slow                     Hex            0%         N/A       38%         1
 Lesser Beckoning         Tloc           0%         N/A       52%         2
 Confusing Touch          Hex            0%         N/A       77%         3
 Frozen Ramparts          Ice            0%         1d1       77%         3
 Hailstorm                Conj/Ice       0%         3d3       77%         3
 Sigil of Binding         Hex            0%         N/A       77%         3
 Vampiric Draining        Necr           0%         2d6       77%         3
 Anguish                  Hex/Necr       0%         N/A       99%         4
 Dispel Undead            Necr           0%         3d6       99%         4
 Vhi's Electric Charge    Tloc/Air       0%         N/A       99%         4
 Arcjolt                  Conj/Air       0%         1d10      100%        5
 Silence                  Hex/Air        0%         N/A       100%        5
 Yara's Violent Unravell  Hex/Tmut       0%         3d3       100%        5
 Plasma Beam              Fire/Air       0%         2x1d10    100%        6
 Disjunction              Tloc           0%         N/A       100%        8
 Maxwell's Capacitive Co  Air            0%         ∞         100%        8


Dungeon Overview and Level Annotations

Branches:
Dungeon (11/15)            Temple (1/1) D:6            Lair (0/5) D:10
    Orc (0/2) D:10        Ossuary (visited)

Altars:
Ashenzari
Cheibriados
Dithmenos
Fedhas
Gozag
Hepliaklqana
Kikubaaqudgha
Makhleb
Nemelex Xobeh
Okawaru
Qazlal
Ru
Sif Muna
Trog
Uskayaw
Vehumet
Wu Jian
Xom
Yredelemnul

Shops:
D:6 *   D:10 :


Innate Abilities, Weirdness & Mutations

You are something dangerously unstable.
You glow with magical radiation, making you easy to see and hit.
Foes you strike become dangerously contaminated with magical radiation.
You are incapable of wielding weapons or throwing items.
You have a pair of horns on your head.
You are partially covered in slimy green scales. (AC +2)
A demonic guardian rushes to your aid.
You sometimes gain a little power by taking damage.
Your flesh is cold resistant. (rC+)
You expend magic power (3 MP) to strengthen your wands.


Message History

The green ugly thing is lightly wounded.
The green ugly thing tentacle-slaps you but does no damage.
You hit the green ugly thing.
The green ugly thing shudders as magic cascades through it.
The green ugly thing basks in the mutagenic energy and changes!
The brown ugly thing is moderately wounded.
You completely miss the brown ugly thing.
The brown ugly thing is moderately wounded.
The brown ugly thing barely misses you.
You hit the brown ugly thing.
The brown ugly thing begins to glow.
You headbutt the brown ugly thing.
The brown ugly thing is heavily wounded.
The brown ugly thing tail-slaps you.
You are splashed with acid.
You resist.
You hit the brown ugly thing.
The brown ugly thing glows dangerously bright.
The brown ugly thing is heavily wounded.
The brown ugly thing tail-slaps you but does no damage.
You punch the brown ugly thing!
The brown ugly thing shudders as magic cascades through it.
The brown ugly thing basks in the mutagenic energy and changes!
You headbutt the red ugly thing.
The red ugly thing is severely wounded.
You hit the red ugly thing.
The red ugly thing begins to glow.
The red ugly thing is severely wounded.
The red ugly thing punches you but does no damage.
You hit the red ugly thing.
The red ugly thing glows dangerously bright.
Your headbutt misses the red ugly thing.
The red ugly thing is severely wounded.
The red ugly thing punches you!
You are engulfed in flames!!
A demonic guardian appears!
You barely miss the red ugly thing. You headbutt the red ugly thing.
The red ugly thing is severely wounded.
The red ugly thing punches you.
You are engulfed in flames!!
* * * LOW HITPOINT WARNING * * *
The red ugly thing attacks as it pursues you!
The red ugly thing punches you!
* * * LOW HITPOINT WARNING * * *
You are engulfed in flames!
You die...

#+## #.4# #p#
#u#
########'####
#...........#
#...........#
#...........+
#...........#
#...........#
#...........#


You could see a red ugly thing (heavy contam, ally target) and a friendly ice
devil (summoned).

Vanquished Creatures
  3 two-headed ogres
  An arcanist (D:10)
  A deep elf pyromancer (D:10)
  A komodo dragon (D:10)
  A troll (D:6)
  A shadow (D:10)
  2 wyverns (D:8)
  13 yaks
  Eustachio (D:6)
  Grum (D:9)
  A steam dragon (D:10)
  3 water moccasins
  6 orc warriors
  3 ice beasts
  2 sky beasts
  5 black bears
  3 wolves
  2 scorpions
  3 bullfrogs
  A wight (D:8)
  Dowan (D:7)
  5 killer bees (D:9)
  3 howler monkeys
  2 vampire bats (D:10)
  5 jellies
  3 hounds
  10 orc priests
  2 gnoll boudas
  A sleepcap (D:6)
  Ijyb (D:4)
  8 orc wizards
  5 iguanas
  8 mummies (Ossuary)
  8 gnolls (D:5)
  7 adders
  A shadow imp (D:6)
  3 white imps
  A worm (D:3)
  2 dart slugs
  43 orcs
  4 bats
  2 bat skeletons (D:10)
  4 bat zombies (D:10)
  13 endoplasms
  4 giant cockroaches
  3 gnoll zombies (Ossuary)
  5 goblins
  11 hobgoblins
  4 jackals (D:3)
  13 kobolds
  2 quokkas (D:3)
  9 ball pythons
  3 frilled lizards
  2 hobgoblin zombies (Ossuary)
  A kobold zombie (Ossuary)
  2 orc zombies (Ossuary)
  5 rats
260 creatures vanquished.

Vanquished Creatures (collateral kills)
  Harold (D:9)
  4 yaks (D:9)
  A steam dragon (D:6)
  2 wolves (D:9)
  2 centaurs (D:8)
  A killer bee (D:9)
  An orc priest (D:6)
  An iguana (D:5)
  4 gnolls (D:4)
  3 orcs
  An endoplasm (D:4)
21 creatures vanquished.

Grand Total: 281 creatures vanquished

Notes
Turn   | Place    | Note
-------+----------+-------------------------------------------
     0 | D:1      | IdlyInterested the Demonspawn Shapeshifter began the quest
                  | for the Orb.
     0 | D:1      | Reached XP level 1. HP: 15/15 MP: 1/1
   144 | D:1      | Reached skill level 3 in Shapeshifting
   189 | D:1      | Gained mutation: You have a pair of small horns on your
                  | head. [demonic ancestry]
   189 | D:1      | Reached XP level 2. HP: 21/21 MP: 2/2
  1058 | D:2      | Reached XP level 3. HP: 24/26 MP: 3/3
  1271 | D:2      | Gained mutation: You have a pair of horns on your head.
                  | [demonic ancestry]
  1271 | D:2      | Reached XP level 4. HP: 22/33 MP: 4/4
  1312 | D:2      | Found a radiant altar of Vehumet.
  1312 | D:2      | Found a basalt altar of Yredelemnul.
  1312 | D:2      | Found a shimmering altar of Xom.
  1312 | D:2      | Found a sparkling altar of Nemelex Xobeh.
  1312 | D:2      | Found an opulent altar of Gozag.
  1312 | D:2      | Found a shimmering altar of Xom.
  1318 | D:2      | Reached skill level 4 in Shapeshifting
  1624 | D:3      | Reached XP level 5. HP: 36/39 MP: 5/5
  2124 | D:3      | Identified the +4 ring mail of Fortitude {Int+7 Dex-2}
  2278 | D:4      | Noticed Ijyb
  2291 | D:4      | Killed Ijyb
  2481 | D:4      | You fall into a shaft and drop 3 floors!
  2490 | D:6      | Noticed a sky beast
  2490 | D:6      | Noticed a troll
  2509 | D:6      | Killed a sky beast
  2510 | D:6      | Reached skill level 5 in Shapeshifting
  2510 | D:6      | Gained mutation: You are partially covered in slimy green
                  | scales. (AC +2) [demonic ancestry]
  2510 | D:6      | Reached XP level 6. HP: 38/47 MP: 6/6
  2513 | D:6      | Killed a troll
  2673 | D:6      | Found a hazy altar of Hepliaklqana.
  2723 | D:6      | Gained mutation: A weak demonic guardian rushes to your
                  | aid. [demonic ancestry]
  2723 | D:6      | Reached XP level 7. HP: 50/52 MP: 7/7
  2765 | D:6      | Reached skill level 6 in Shapeshifting
  2806 | D:5      | Entered Level 5 of the Dungeon
  3009 | D:5      | Found an ornate altar of the Wu Jian Council.
  3045 | D:5      | Reached skill level 7 in Shapeshifting
  3049 | D:5      | Found a sand-covered staircase.
  3054 | Ossuary  | Entered an ossuary
  3085 | Ossuary  | Gained mutation: A demonic guardian rushes to your aid.
                  | [demonic ancestry]
  3085 | Ossuary  | Reached XP level 8. HP: 60/60 MP: 8/8
  3286 | D:5      | Gained mutation: You expend magic power (3 MP) to
                  | strengthen your wands. [potion of mutation]
  3286 | D:5      | Gained mutation: Your flesh is cold resistant. (rC+)
                  | [potion of mutation]
  3636 | D:4      | Got Sif Muna's Book of Blinking Ashes
  3977 | D:5      | Reached skill level 8 in Shapeshifting
  4392 | D:6      | Found a staircase to the Ecumenical Temple.
  4537 | Temple   | Entered the Ecumenical Temple
  5082 | D:6      | Found a shimmering altar of Xom.
  5084 | D:6      | Found a snail-covered altar of Cheibriados.
  5084 | D:6      | Found a broken altar of Ashenzari.
  5086 | D:6      | Found a snail-covered altar of Cheibriados.
  5086 | D:6      | Found an opulent altar of Gozag.
  5086 | D:6      | Found a bloodstained altar of Trog.
  5137 | D:6      | Noticed Eustachio
  5161 | D:6      | Reached XP level 9. HP: 39/65 MP: 1/9
  5163 | D:6      | Killed Eustachio
  5204 | D:6      | Reached skill level 9 in Shapeshifting
  5320 | D:6      | Found Taliutul's General Store.
  5336 | D:6      | Bought a scroll of poison for 60 gold pieces
  5472 | D:7      | Reached skill level 1 in Stealth
  5573 | D:7      | Noticed Dowan
  5588 | D:7      | Killed Dowan
  5589 | D:7      | Noticed Duvessa
  5590 | D:7      | Duvessa changed into Duvessa the wolf
  5590 | D:7      | Noticed Duvessa
  5596 | D:7      | Killed Duvessa the wolf
  6231 | D:8      | Reached skill level 1 in Evocations
  6367 | D:8      | Reached skill level 1 in Armour
  6441 | D:8      | Reached skill level 1 in Throwing
  6443 | D:8      | Reached skill level 10 in Shapeshifting
  7696 | D:9      | Noticed a two-headed ogre
  7723 | D:9      | Killed a two-headed ogre
  7724 | D:9      | Reached skill level 5 in Fighting
  7724 | D:9      | Gained mutation: You sometimes gain a little power by
                  | taking damage. [demonic ancestry]
  7724 | D:9      | Reached XP level 10. HP: 15/74 MP: 6/10
  8056 | D:9      | Found a radiant altar of Vehumet.
  8096 | D:9      | Reached skill level 11 in Shapeshifting
  8181 | D:9      | Noticed Harold
  8192 | D:9      | Killed Harold
  8268 | D:9      | Noticed a two-headed ogre
  8278 | D:9      | Killed a two-headed ogre
  8407 | D:9      | Reached skill level 12 in Shapeshifting
  8806 | D:9      | Noticed Grum
  8868 | D:9      | Reached skill level 5 in Unarmed Combat
  8876 | D:9      | Killed Grum
  9174 | D:10     | Entered Level 10 of the Dungeon
  9255 | D:10     | Reached XP level 11. HP: 81/81 MP: 11/11
  9263 | D:10     | Found a staircase to the Lair.
  9373 | D:10     | Found Qyuklim's Book Emporium.
  9462 | D:10     | Noticed an arcanist
  9464 | D:10     | Noticed a deep elf pyromancer
  9464 | D:10     | Noticed a deep elf pyromancer
  9472 | D:10     | Noticed a deep elf pyromancer
  9478 | D:10     | Killed an arcanist
  9482 | D:10     | Killed a deep elf pyromancer
  9499 | D:10     | Got Zofa's Almanac of Axaxaxas mlö
  9565 | D:10     | Got the Incunable of Dhcmrlchtdj
  9572 | D:10     | Got Ts'ui Pên's Omnibus of Forking Paths
  9593 | D:10     | Noticed a two-headed ogre
  9602 | D:10     | Killed a two-headed ogre
 10148 | D:10     | Found a staircase to the Orcish Mines.
 10451 | D:10     | Reached skill level 13 in Shapeshifting
 11083 | D:10     | Found an ancient bone altar of Kikubaaqudgha.
 11311 | D:11     | Noticed a green ugly thing
 11328 | D:11     | Slain by a red ugly thing

Illustrated notes

Levels and vault maps discovered:
D:1:      onia_arrival_pyramid, layout_basic
D:2:      cheibrodos_fertilizer, layout_rooms, item_on_display_a
D:3:      layout_rooms, hangedman_feature_mirror, minmay_checkerbox
D:4:      layout_rooms, mainiacjoe_overflow_chevrons, minivault_26,
          kennysheep_generic_room_14, uniq_ijyb
D:5:      layout_basic, nicolae_wu_jian_wuxing_cycle, enter_ossuary_5,
          grunt_ministairs_12
D:6:      layout_loops_corners, nicolae_hepliaklqana_hazy_memory,
          doesnt_xom_only_xom, tso_oasis_becter, temple_fountains, serial_shops,
          shop, uniq_eustachio
D:7:      layout_loops_ring, kennysheep_mini, uniq_duvessa
D:8:      layout_loops_corners, hangedman_minor_gate_pass
D:9:      layout_irregular_city, mainiacjoe_overflow_concentric_impassable,
          uniq_harold, uniq_grum
D:10:     layout_loops_corners, kennysheep_vampire_church,
          due_lair_maze_entry_diamond, david_orc_4, serial_shops,
          kennysheep_little_box, bh_hangedman_babel_library
D:11:     layout_roguey, serial_shops, nicolae_shop_back_alley_shop, uniq_snorg,
          uniq_erica, uniq_nergalle
Temple:   minmay_temple_curvy_branch

Skill      XL: |  1  2  3  4  5  6  7  8  9 10 11 |
---------------+----------------------------------+-----
Shapeshifting  | 3 4 5 7 8 10 12 13 | 13.2
Unarmed Combat | 3 4 5 6 |  6.0
Fighting       | 2 3 4 5 6 |  6.0
Dodging        | 2 3 4 |  4.7
Stealth        | 2 |  2.0
Evocations     | 1 |  1.0
Armour         | 1 |  1.0
Throwing       | 1 |  1.0

Action                     |  1- 3 |  4- 6 |  7- 9 | 10-12 || total
---------------------------+-------+-------+-------+-------++-------
  Melee: Unarmed           |    93 |    79 |   177 |   249 ||   598
         Headbutt          |    11 |    21 |    58 |    27 ||   117
         Punch             |     1 |       |       |       ||     1
         Quarterstaff      |       |    57 |   159 |       ||   216
         Constrict         |       |       |    13 |    34 ||    47
  Throw: Stone             |     1 |     7 |     5 |       ||    13
  Evoke: Wand              |       |       |     5 |       ||     5
    Use: Scroll            |       |     8 |     8 |       ||    16
         Potion            |       |     3 |     7 |       ||    10
   Stab: Sleeping          |       |       |     1 |     1 ||     2
         Distracted        |       |       |       |     1 ||     1
 Armour: Scale mail        |    64 |    50 |       |       ||   114
         Animal skin       |     1 |       |       |       ||     1
         Ring mail         |       |    53 |   207 |    62 ||   322
         Skin              |       |       |    79 |   113 ||   192
  Dodge: Dodged            |    53 |    62 |   233 |   130 ||   478
   Form: Flux              |       |       |     2 |     2 ||     4
         Anaconda          |       |       |     1 |     2 ||     3

Table legend: (Time is in decaauts)
 A = Elapsed time spent in this place.
 B = Non-inter-level travel time spent in this place.
 C = Inter-level travel time spent in this place.
 D = Time resting spent in this place.
 E = Time spent auto-exploring this place.
 F = Levels seen in this place.
 G = Mean time per level.
                   A        B        C        D        E       F      G
               +--------+--------+--------+--------+--------+-----+--------+
         Total |  11321 |  10694 |    627 |   2039 |   6023 |  13 |  870.8 |
       Dungeon |  11085 |  10458 |    627 |   2039 |   5903 |  11 | 1007.7 |
        Temple |      1 |      1 |      0 |      0 |      0 |   1 |    1.0 |
       Ossuary |    234 |    234 |      0 |      0 |    120 |   1 |  234.0 |
               +--------+--------+--------+--------+--------+-----+--------+

Top non-repeatable levels by time:
    D:10: 2058 daAuts
     D:9: 1834 daAuts
     D:6: 1360 daAuts
     D:8: 1172 daAuts
     D:1: 963 daAuts
     D:7: 826 daAuts
     D:4: 796 daAuts
     D:5: 739 daAuts
     D:2: 676 daAuts
     D:3: 638 daAuts
 Ossuary: 234 daAuts
    D:11: 18 daAuts
  Temple: 1 daAuts
